 Dungeon Crawl Stone Soup version 0.28.0 (webtiles) character file.

Game seed: 17505618910277623119

116 psuckher the Covert (level 5, -8/47 HPs)
             Began as a Gnoll Delver on Feb 16, 2022.
             Mangled by an iguana (9 damage)
             ... on level 5 of the Dungeon.
             The game lasted 00:03:09 (361 turns).

psuckher the Covert (Gnoll Delver)                   Turns: 361, Time: 00:03:10

Health: -8/47      AC:  5    Str: 11    XL:     5   Next: 1%
Magic:  6/6        EV: 13    Int: 10    God:
Gold:   58         SH:  0    Dex: 15    Spells: 6/6 levels left

rFire   . . .      SeeInvis .   a - +0 short sword
rCold   . . .      Faith    .   (no shield)
rNeg    . . .      Spirit   .   b - +0 leather armour
rPois   .          Reflect  .   h - +2 hat
rElec   .          Harm     .   (no cloak)
rCorr   .          Rampage  .   (no gloves)
Will    .....                   (no boots)
Stlth   ++++......              (no amulet)
HPRegen 0.15/turn               (no ring)
MPRegen 0.10/turn               (no ring)

@: lethally poisoned (-8 -> -10)
A: fangs 1, strong nose, distributed training
a: no special abilities


You were on level 5 of the Dungeon.
You visited 1 branch of the dungeon, and saw 1 of its levels.

You collected 58 gold pieces.

Inventory:

Hand Weapons
 a - a +0 short sword (weapon)
 j - a +0 hand crossbow
Missiles
 k - 24 arrows
Armour
 b - a +0 leather armour (worn)
 h - a +2 hat (worn)
Wands
 g - a wand of digging (3)
Scrolls
 c - a scroll of fog
 d - a scroll of magic mapping
 e - a scroll of fear
Potions
 f - a potion of haste


   Skills:
 + Level 6.6 Fighting
 + Level 4.7 Short Blades
 + Level 1.3 Long Blades
 + Level 1.3 Axes
 + Level 1.3 Maces & Flails
 + Level 1.3 Polearms
 + Level 1.3 Staves
 + Level 1.3 Slings
 + Level 1.3 Bows
 + Level 1.3 Crossbows
 + Level 1.3 Throwing
 + Level 1.3 Armour
 + Level 4.7 Dodging
 + Level 9.6 Stealth
 + Level 1.3 Shields
 + Level 1.3 Unarmed Combat
 + Level 1.3 Spellcasting
 + Level 1.0 Conjurations
 + Level 1.0 Hexes
 + Level 1.0 Summonings
 + Level 1.0 Necromancy
 + Level 1.0 Translocations
 + Level 1.0 Transmutations
 + Level 1.0 Fire Magic
 + Level 1.0 Ice Magic
 + Level 1.0 Air Magic
 + Level 1.0 Earth Magic
 + Level 1.0 Poison Magic
 + Level 1.4 Invocations
 + Level 1.3 Evocations


You had 6 spell levels left.
You didn't know any spells.
Your spell library was empty.

Dungeon Overview and Level Annotations

Branches:
Dungeon (5/15)
 Temple: D:4-7

Altars:
Uskayaw

Annotations:
D:5 Blork the orc


Innate Abilities, Weirdness & Mutations

You have very sharp teeth.
Your uncanny sense of smell can sniff out nearby items.
Your experience applies equally to all skills.


Message History

The adder closely misses you.
The iguana bites you but does no damage.
The adder bites you.
* * * LOW HITPOINT WARNING * * *
You hit the iguana.
The iguana is moderately wounded.
The adder closely misses you.
The iguana bites you but does no damage.
The adder misses you.
You hit the iguana.
The iguana is heavily wounded.
The adder closely misses you. The iguana closely misses you.
The adder barely misses you. The adder bites you.
* * * LOW HITPOINT WARNING * * *
You are poisoned.
The adder poisons you!
You closely miss the iguana.
The iguana is heavily wounded.
You feel sick. The adder closely misses you.
The iguana bites you but does no damage.
The adder misses you.
You hit the iguana.
The iguana is heavily wounded.
You feel sick. The adder bites you but does no damage.
The adder barely misses you. The iguana barely misses you.
You closely miss the iguana. You bite the iguana, but do no damage.
The iguana is heavily wounded.
The adder barely misses you. x2
You hit the iguana but do no damage.
The iguana is heavily wounded.
You feel sick. The iguana bites you.
* * * LOW HITPOINT WARNING * * *
The adder bites you but does no damage. The adder barely misses you.
As you read the scroll labelled ERIOSKI FYRGH, it crumbles to dust.
It is a scroll of identify.
You don't have any unidentified items.
* * * LOW HITPOINT WARNING * * *
You feel sick.
The adder bites you but does no damage. x2
The iguana bites you!
You die...

#.....#.....#
#.....#.....#.........
#S....#.....+............
#.....+.....#............
#.....#.....#............
...../..#.....#............
........#.....#............
........#SlS..#............
.....o..#.@...+............
........#.....#............
........#######.........>..
#########........................
..<.....#........................
........#............##########..
........#............#....# +..
........#............#....# #..
........+...†........'....# #..


You could see an iguana and 2 adders.

Vanquished Creatures
  A scorpion (D:5)
  2 hounds (D:5)
3 creatures vanquished.

Notes
Turn   | Place    | Note
-------+----------+-------------------------------------------
     0 | D:5      | Reached skill level 9 in Stealth
     0 | D:5      | psuckher the Gnoll Delver began the quest for the Orb.
     0 | D:5      | Reached XP level 1. HP: 23/23 MP: 1/1
    13 | D:5      | Found a hide-covered altar of Uskayaw.
    59 | D:5      | Noticed a hound
   104 | D:5      | Killed a hound
   105 | D:5      | Reached XP level 2. HP: 16/29 MP: 1/3
   105 | D:5      | Reached XP level 3. HP: 20/35 MP: 1/4
   166 | D:5      | Noticed a scorpion
   194 | D:5      | Killed a scorpion
   195 | D:5      | Reached skill level 1 in Long Blades
   195 | D:5      | Reached skill level 1 in Axes
   195 | D:5      | Reached skill level 1 in Maces & Flails
   195 | D:5      | Reached skill level 1 in Polearms
   195 | D:5      | Reached skill level 1 in Staves
   195 | D:5      | Reached skill level 1 in Slings
   195 | D:5      | Reached skill level 1 in Bows
   195 | D:5      | Reached skill level 1 in Crossbows
   195 | D:5      | Reached skill level 1 in Throwing
   195 | D:5      | Reached skill level 1 in Armour
   195 | D:5      | Reached skill level 1 in Shields
   195 | D:5      | Reached skill level 1 in Unarmed Combat
   195 | D:5      | Reached skill level 1 in Spellcasting
   195 | D:5      | Reached skill level 1 in Invocations
   195 | D:5      | Reached skill level 1 in Evocations
   195 | D:5      | Reached XP level 4. HP: 35/41 MP: 5/5
   226 | D:5      | Reached skill level 1 in Conjurations
   226 | D:5      | Reached skill level 1 in Hexes
   226 | D:5      | Reached skill level 1 in Summonings
   226 | D:5      | Reached skill level 1 in Necromancy
   226 | D:5      | Reached skill level 1 in Translocations
   226 | D:5      | Reached skill level 1 in Transmutations
   226 | D:5      | Reached skill level 1 in Fire Magic
   226 | D:5      | Reached skill level 1 in Ice Magic
   226 | D:5      | Reached skill level 1 in Air Magic
   226 | D:5      | Reached skill level 1 in Earth Magic
   226 | D:5      | Reached skill level 1 in Poison Magic
   226 | D:5      | Reached XP level 5. HP: 27/47 MP: 6/6
   233 | D:5      | Noticed Blork the orc
   360 | D:5      | HP: 2/47 [iguana (4)]
   361 | D:5      | Mangled by an iguana

Illustrated notes

Levels and vault maps discovered:
D:5:      layout_gridville, mainiacjoe_overflow_24_doors, amcnicky_altar_gilded,
          uniq_blork_the_orc, uniq_pikel

Skill      XL: |  1  2  3  4 |
---------------+-------------+-----
Stealth        | |  9.6
Long Blades    | 1 |  1.3
Axes           | 1 |  1.3
Maces & Flails | 1 |  1.3
Polearms       | 1 |  1.3
Staves         | 1 |  1.3
Slings         | 1 |  1.3
Bows           | 1 |  1.3
Crossbows      | 1 |  1.3
Throwing       | 1 |  1.3
Armour         | 1 |  1.3
Shields        | 1 |  1.3
Unarmed Combat | 1 |  1.3
Spellcasting   | 1 |  1.3
Invocations    | 1 |  1.4
Evocations     | 1 |  1.3
Conjurations   | 1 |  1.0
Hexes          | 1 |  1.0
Summonings     | 1 |  1.0
Necromancy     | 1 |  1.0
Translocations | 1 |  1.0
Transmutations | 1 |  1.0
Fire Magic     | 1 |  1.0
Ice Magic      | 1 |  1.0
Air Magic      | 1 |  1.0
Earth Magic    | 1 |  1.0
Poison Magic   | 1 |  1.0
Fighting       | |  6.6
Short Blades   | |  4.7
Dodging        | |  4.7

Action                   |  1- 3 |  4- 6 || total
-------------------------+-------+-------++-------
Melee: Short sword       |    22 |    37 ||    59
       Bite              |     3 |     8 ||    11
  Use: Scroll            |       |     2 ||     2
Armor: Leather armour    |     1 |    25 ||    26
Dodge: Dodged            |    18 |    40 ||    58
